 Dungeon Crawl Stone Soup version 0.30-a0-726-gd89dcf765f (webtiles) character file.

Game seed: 2551805191188059399

118 Arximoufas the Conjurer (level 4, -1/24 HPs)
             Began as a Deep Elf Conjurer on Jan 29, 2023.
             Killed from afar by a white imp (9 damage)
             ... with a puff of frost
             ... summoned by Natasha
             ... on level 2 of the Dungeon.
             The game lasted 00:06:43 (2092 turns).

Arximoufas the Conjurer (Deep Elf Conjurer)         Turns: 2092, Time: 00:06:43

Health: -1/24      AC:  2    Str:  4    XL:     4   Next: 72%
Magic:  11/12      EV: 12    Int: 25    God:
Gold:   66         SH:  0    Dex: 13    Spells: 8/12 levels left

rFire   . . .      SeeInvis .    (no weapon)
rCold   . . .      Faith    .    (no shield)
rNeg    . . .      Spirit   .    a - +0 robe
rPois   .          Reflect  .    (no helmet)
rElec   .          Harm     .    (no cloak)
rCorr   .          Rampage  .    (no gloves)
Will    .....                    (no boots)
Stlth   +++                      (no amulet)
HPRegen 0.24/turn                (no ring)
MPRegen 0.13/turn                (no ring)

@: about to teleport
A: no striking features
a: no special abilities


You were on level 2 of the Dungeon.
You visited 1 branch of the dungeon, and saw 2 of its levels.

You collected 66 gold pieces.

Inventory:

Armour
 a - a +0 robe (worn)
Scrolls
 c - a scroll of poison {unknown}
 d - a scroll of fog {unknown}
 e - a scroll of teleportation
 f - 2 scrolls of magic mapping {unknown}
 h - 2 scrolls of enchant armour {unknown}
 i - a scroll of identify {unknown}
 k - a scroll of brand weapon {unknown}
Potions
 b - a potion of magic
 g - a potion of mutation {unknown}
 j - a potion of curing {unknown}


   Skills:
 - Level 2.4 Dodging
 + Level 4.7 Stealth
 + Level 4.5 Spellcasting
 - Level 5.0 Conjurations
 + Level 0.0 Ice Magic


You had 8 spell levels left.
You knew the following spells:

 Your Spells              Type           Power      Damage    Failure   Level
a - Magic Dart            Conj           100%       1d8       1%          1
b - Hailstorm             Conj/Ice       18%        3d6       10%         3

Your spell library contained the following spells:

 Spells                   Type           Power      Damage    Failure   Level
 Searing Ray              Conj           60%        2d6       1%          2
 Apportation              Tloc           10%        N/A       9%          1
 Freeze                   Ice            20%        1d4       9%          1
 Necrotise                Necr           20%        1d5       9%          1
 Summon Small Mammal      Summ           20%        N/A       9%          1
 Dazzling Flash           Conj/Hex       36%        N/A       10%         3
 Sublimation of Blood     Necr           5%         N/A       13%         2
 Wereblood                Tmut           5%         N/A       13%         2
 Frozen Ramparts          Ice            10%        1d2       26%         3
 Ignite Poison            Fire/Tmut/Pois 5%         N/A       26%         3
 Kindle Blastsparks       Fire/Tloc/Air  10%        2d10      26%         3
 Fulminant Prism          Conj/Hex       9%         3d7       30%         4
 Iskenderun's Mystic Bla  Conj/Tloc      18%        2d6       30%         4
 Freezing Cloud           Conj/Ice/Air   7%         6-21      77%         5
 Summon Hydra             Summ           2%         N/A       100%        7


Dungeon Overview and Level Annotations

Branches:
Dungeon (2/15)

Altars:

Annotations:
D:2 Natasha


Message History

Press: ? - help, Q - select action Shift-Dir - straight line, f - Natasha
Aim: Natasha (asleep, 100% to hit)
The magic dart hits Natasha.
Natasha is moderately wounded.
Natasha hisses angrily.
Natasha stares at you and mumbles some strange words.
You resist with some effort.
Aiming: Magic Dart (safe; 1% risk of failure)
Press: ? - help, Q - select action Shift-Dir - straight line, f/p - Natasha
Aim: Natasha (moderately wounded, 100% to hit)
The magic dart hits Natasha.
Natasha is moderately wounded.
Natasha mumbles some strange words.
Aiming: Magic Dart (safe; 1% risk of failure)
Press: ? - help, Q - select action Shift-Dir - straight line, f/p - Natasha
Aim: Natasha (moderately wounded, 100% to hit)
The magic dart hits the white imp but does no damage.
Natasha casts a spell.
Aiming: Magic Dart (safe; 1% risk of failure)
Press: ? - help, Q - select action Shift-Dir - straight line, f/p - Natasha
Aim: Natasha (moderately wounded, 100% to hit)
The magic dart hits the white imp.
The white imp is heavily wounded.
A kobold comes into view. It is wielding a +0 short sword.
Okay, then.
The white imp shouts, "Turn tail, thou bawdy saucy toady!"
The white imp gestures at you. The puff of frost hits you.
Natasha casts a spell.
The white imp gestures at you. The puff of frost hits you!
The white imp gestures at you. The puff of frost hits you.
* * * LOW HITPOINT WARNING * * *
Okay, then.
As you read the scroll labelled LYANES SUL, it crumbles to dust.
You feel strangely unstable.
It was a scroll of teleportation.
The white imp gestures at you. The puff of frost hits you!
You die...

##....# #.....# #h#.
##.#.####.....####.#.
#...##..#.....#..#5#.
#...##÷.#.....#..#.#.
#...##'####'####'#.#. #########
##.##................ ...).....
#.##.#.....5......†..##
.#######.###.........5.5...†...#
.# ###.#.....@#'####'####'#.## .#
#.....##...#..#.....#..#...
.######.###.######..#.....#..####
.....<...>....# ####.....####
.##...........####..#.....#..#
.##†###..........#..'.....†..#
.##.# #.#.....#######'###'####
.##.###.#.....# #..#..#
.##.....###.### #..'..#


You could see a crimson imp (summoned), a white imp (summoned) and a shadow imp
(summoned).

Vanquished Creatures
  7 adders (D:2)
  A dart slug (D:2)
  5 orcs (D:2)
  5 bats
  5 endoplasms
  A giant cockroach (D:1)
  4 goblins
  7 jackals (D:1)
  3 kobolds
  2 quokkas (D:1)
  3 ball pythons (D:2)
  2 rats
45 creatures vanquished.

Notes
Turn   | Place    | Note
-------+----------+-------------------------------------------
     0 | D:1      | Arximoufas the Deep Elf Conjurer began the quest for the
                  | Orb.
     0 | D:1      | Reached XP level 1. HP: 10/10 MP: 6/6
   252 | D:1      | Reached XP level 2. HP: 15/15 MP: 4/8
  1289 | D:2      | Reached XP level 3. HP: 19/19 MP: 7/9
  1403 | D:2      | Reached skill level 5 in Conjurations
  1751 | D:2      | Reached XP level 4. HP: 24/24 MP: 9/12
  2018 | D:2      | Learned a level 3 spell: Hailstorm
  2067 | D:2      | Noticed Natasha
  2092 | D:2      | Killed from afar by a white imp

Illustrated notes

Levels and vault maps discovered:
D:1:      matt_arrival_grand_opening, layout_basic, minmay_misc_feat_rugged,
          columned_hall_lemuel
D:2:      layout_loops_ring, basic_altar, minmay_snake_closets, uniq_natasha

Skill      XL: |  1  2  3 |
---------------+----------+-----
Stealth        | 3 4 |  4.7
Conjurations   | 5 |  5.0
Spellcasting   | 4 |  4.5
Dodging        | |  2.4

Action                     |  1- 3 |  4- 6 || total
---------------------------+-------+-------++-------
  Melee: Unarmed           |     1 |       ||     1
   Cast: Magic Dart        |    76 |    29 ||   105
    Use: Scroll            |       |     1 ||     1
 Armour: Robe              |     5 |     1 ||     6
  Dodge: Dodged            |    15 |     4 ||    19

Table legend: (Time is in decaauts)
 A = Elapsed time spent in this place.
 B = Non-inter-level travel time spent in this place.
 C = Inter-level travel time spent in this place.
 D = Time resting spent in this place.
 E = Time spent auto-exploring this place.
 F = Levels seen in this place.
 G = Mean time per level.
                   A        B        C        D        E       F      G
               +--------+--------+--------+--------+--------+-----+--------+
         Total |   2091 |   2026 |     65 |    231 |   1540 |   2 | 1045.5 |
       Dungeon |   2091 |   2026 |     65 |    231 |   1540 |   2 | 1045.5 |
               +--------+--------+--------+--------+--------+-----+--------+

Top non-repeatable levels by time:
     D:1: 1287 daAuts
     D:2: 804 daAuts
